AoeStats
← samouriyo

Arena

505668791Analyzed
3v3 RM · 23d ago on Sep 10, 2026· 56m 3s· 6 players
Game mode
Random Map
Map size
Normal (6 player)
Population
200
Speed
Normal
Resources
Standard
Victory
Conquest
Starting age
Dark Age
Ending age
Imperial Age
RankedLock teamsTeams togetherTeam positionsShared explorationLock speedFull tech treeHidden civsTurbo modeCheats
Victory
Defeat
🇦🇷 Malians · Argentina
1165
+18
🇨🇳 Persians · China
1144
+19
🇪🇸 Spanish · Spain
1143
+19
🇨🇳 Cumans · China
1265
-22
🇨🇳 Hindustanis · China
1222
-19
🇨🇳 Berbers · China
1116
-15
samouriyo
10:47 Feudal Age
15:03 Castle Age
14:45 Double-Bit Axe
14:44 Horse Collar
20:12 Loom
21:02 Wheelbarrow
23:18 Town Watch
24:20 Hand Cart
24:59 Bow Saw
25:20 Sanctity
26:42 Redemption
28:14 Fervor
29:14 Padded Archer Armor
33:09 Imperial Age
31:11 Leather Archer Armor
31:06 Squires
31:37 Scale Mail Armor
31:19 Elite Skirmisher
32:29 Forging
32:09 Fletching
33:30 Chain Mail Armor
33:49 Heavy Plow
33:20 Elite Gbeto
34:15 Bodkin Arrow
34:17 Arson
34:11 Pikeman
36:37 Crop Rotation
36:40 Plate Mail Armor
37:11 Iron Casting
37:07 Conscription
40:13 Stone Mining
40:14 Gold Mining
44:14 Chemistry
43:24 Masonry
43:32 Capped Ram
48:02 Ring Archer Armor
48:51 Ballistics
52:04 Thumb Ring
绵绵
10:26 Feudal Age
11:43 Double-Bit Axe
14:21 Castle Age
12:34 Horse Collar
19:50 Heavy Plow
21:14 Bow Saw
22:46 Wheelbarrow
23:04 Wheelbarrow
22:30 Loom
22:31 Town Watch
24:05 Hand Cart
26:58 Imperial Age
24:35 Gold Mining
24:35 Stone Mining
24:54 Scale Barding Armor
25:41 Ballistics
26:16 Chain Barding Armor
26:51 Bloodlines
26:42 Husbandry
26:58 Forging
26:39 Cavalier
26:48 Cavalier
27:28 Husbandry
29:02 Chemistry
28:48 Crop Rotation
28:18 Savar
29:45 Plate Barding Armor
29:47 Iron Casting
31:55 Masonry
33:51 Gold Shaft Mining
33:51 Stone Shaft Mining
34:54 Blast Furnace
37:20 Conscription
37:20 Devotion
37:18 Herbal Medicine
41:02 Fletching
41:01 Pikeman
41:42 Squires
41:44 Scale Mail Armor
42:51 Chain Mail Armor
42:42 Bodkin Arrow
42:13 Halberdier
44:40 Two-Man Saw
44:44 Plate Mail Armor
47:39 Architecture
47:17 Caravan
47:48 Coinage
48:40 Arson
50:16 Arson
52:09 Banking
51:42 Caravan
51:53 Guilds
jesus_novallas
11:23 Feudal Age
15:13 Castle Age
13:13 Stone Mining
13:57 Loom
15:25 Double-Bit Axe
15:23 Horse Collar
21:58 Bow Saw
28:53 Gold Mining
29:38 Stone Shaft Mining
29:07 Town Watch
29:57 Wheelbarrow
30:14 Wheelbarrow
29:43 Fletching
32:42 Bodkin Arrow
32:51 Town Patrol
35:55 Imperial Age
33:56 Forging
33:46 Scale Mail Armor
34:01 Fortified Wall
33:46 Murder Holes
33:16 Pikeman
33:57 Squires
35:33 Iron Casting
35:50 Chain Mail Armor
37:39 Blast Furnace
36:38 Halberdier
36:44 Halberdier
37:59 Plate Mail Armor
39:14 Two-Man Saw
39:48 Arson
48:10 Heavy Plow
53:56 Hand Cart
big niao
9:21 Feudal Age
10:15 Horse Collar
10:21 Double-Bit Axe
15:51 Castle Age
14:27 Gold Mining
19:28 Heavy Plow
19:43 Bow Saw
22:54 Stone Mining
24:43 Wheelbarrow
25:35 Gold Shaft Mining
26:08 Husbandry
26:19 Bloodlines
31:16 Imperial Age
29:02 Hand Cart
30:05 Stone Shaft Mining
29:54 Scale Barding Armor
30:00 Forging
32:36 Heavy Camel Rider
33:39 Chain Barding Armor
33:55 Iron Casting
35:34 Two-Man Saw
34:47 Imperial Camel Rider
36:06 Plate Barding Armor
35:51 Grand Trunk Road
39:30 Blast Furnace
43:51 Siege Elephant
44:34 Onager
47:51 Chemistry
47:12 Ballistics
46:46 Fletching
46:56 Padded Archer Armor
47:47 Conscription
47:29 Shatagni
47:15 Elite Skirmisher
50:13 Light Cavalry
51:11 Bodkin Arrow
51:32 Leather Archer Armor
51:39 Elite Genitour
52:24 Bracer
52:14 Hussar
吞风吻雨
9:09 Feudal Age
10:19 Double-Bit Axe
10:34 Horse Collar
14:07 Wheelbarrow
20:18 Castle Age
18:21 Gold Mining
21:52 Hand Cart
22:27 Bow Saw
23:06 Loom
23:31 Heavy Plow
26:45 Imperial Age
24:57 Scale Barding Armor
26:00 Chain Barding Armor
26:54 Gold Shaft Mining
26:59 Cavalier
28:25 Conscription
28:43 Plate Barding Armor
28:41 Bloodlines
28:41 Paladin
30:44 Forging
32:29 Iron Casting
36:31 Blast Furnace
36:05 Steppe Husbandry
35:28 Light Cavalry
36:41 Hussar
40:19 Coinage
40:24 Fletching
41:49 Bodkin Arrow
43:14 Padded Archer Armor
43:37 Ballistics
45:29 Elite Kipchak
46:28 Leather Archer Armor
48:13 Ring Archer Armor
48:45 Chemistry
再鸽我们一次
10:24 Feudal Age
14:52 Castle Age
13:07 Double-Bit Axe
14:57 Horse Collar
15:45 Loom
16:02 Stone Mining
16:54 Bow Saw
18:39 Heavy Plow
19:56 Gold Mining
22:04 Wheelbarrow
21:14 Town Watch
21:50 Padded Archer Armor
24:21 Gold Shaft Mining
25:36 Stone Shaft Mining
26:34 Fletching
27:27 Leather Archer Armor
29:40 Ballistics
29:29 Bodkin Arrow
33:00 Imperial Age
31:12 Hand Cart
31:04 Atonement
34:33 Bracer
35:05 Ring Archer Armor
35:02 Town Patrol
35:46 Crop Rotation
36:22 Conscription
46:01 Treadmill Crane
Connection lost

Rejoining the realm…

Still unreachable

The connection could not be restored.

Session expired

The server has moved on; the page needs a fresh start.